Map: Ultralove

Players

Echo - Winner!

  • Race: Protoss Protoss
  • Spawn Location: 1:00

Lauren

  • Race: Terran Terran
  • League: Diamond
  • Spawn Location: 7:00

VOD

Have the link to the VOD?

Description

Time

  • Played on: June 13, 2025, 2:28 p.m.
  • Length: 6:00
Show
View Real Time Build Order
Export as new Build Order

Echo Protoss - Winner!

Build Orders: 1 Gate Expand 

Get SALT Encoding   

  12  0:00  Probe  
  13  0:12  Probe  
  14  0:19  Pylon  
  14  0:24  Probe  
  15  0:37  Gateway  
  15  0:39  Probe  
  16  0:47  Probe  
  16  0:48  Assimilator  
  16  0:55  Probe  
  18  1:06  Probe  
  19  1:18  Probe  
  19  1:25  Cybernetics Core  
  20  1:35  Nexus  
  20  1:43  Pylon  
  20  1:45  Probe  
  21  1:52  Assimilator  
  21  1:53  Adept  
  21  2:01  Probe  
  21  2:03  Warp Gate  
  24  2:13  Probe  
  25  2:25  Probe  
  25  2:29  Adept  
  28  2:37  Probe  
  28  2:41  Twilight Council  
  28  2:43  Probe  
  29  2:45  Probe  
  31  2:51  Probe  
  31  2:53  Probe  
  31  2:56  Stalker  
  33  3:01  Probe  
  33  3:04  Probe  
  36  3:10  Pylon  
  37  3:13  Probe  
  37  3:16  Charge, Probe  
  39  3:25  Probe  
  40  3:28  Probe  
  41  3:37  Robotics Facility  
  41  3:39  Gateway  
  41  3:43  Gateway  
  41  3:47  Gateway  
  41  4:05  Probe  
  42  4:16  Pylon  
  42  4:17  Warp Prism  
  42  4:20  Gateway  
  42  4:21  Gateway  
  42  4:22  Zealot  
  44  4:24  Gateway  
  44  4:28  Pylon  
  46  4:36  Gateway  
  46  4:37  Gateway  
  46  4:38  Pylon  
  46  4:40  Pylon  
  46  4:44  Zealot x2  
  50  4:53  Observer  
  48  5:16  Zealot  
  48  5:17  Zealot x5  
  60  5:26  Pylon  
  60  5:37  Zealot x4  
  60  5:38  Zealot x2  
  66  5:53  Zealot x3  
Show
View Real Time Build Order
Export as new Build Order

Lauren Terran 

Build Orders: Reaper Expand 

Get SALT Encoding   

  12  0:00  SCV  
  13  0:12  SCV  
  14  0:17  Supply Depot  
  14  0:24  SCV  
  15  0:38  SCV  
  15  0:40  Barracks  
  16  0:43  Refinery  
  16  0:50  SCV  
  17  1:02  SCV  
  18  1:15  SCV  
  19  1:28  Reaper, Orbital Command  
  20  1:40  Command Center  
  20  1:50  Supply Depot  
  20  1:55  SCV  
  20  2:00  Marine  
  22  2:07  SCV  
  23  2:09  Factory  
  23  2:14  Refinery  
  23  2:19  SCV  
  23  2:22  Barracks Reactor  
  24  2:31  SCV  
  24  2:43  SCV  
  25  2:52  Orbital Command  
  25  2:54  Starport, Hellion  
  25  2:55  SCV  
  28  2:59  Marine x2  
  30  3:07  SCV  
  31  3:14  Supply Depot  
  31  3:15  Widow Mine  
  31  3:17  Marine x2  
  36  3:20  SCV x2  
  37  3:32  SCV x2, Medivac  
  41  3:35  Reaper  
  41  3:36  Supply Depot  
  41  3:37  Widow Mine  
  44  3:44  SCV x2  
  46  3:56  SCV  
  46  3:58  SCV  
  46  4:00  Factory Tech Lab, Command Center  
  46  4:05  Starport Tech Lab  
  46  4:08  SCV  
  47  4:10  SCV  
  47  4:16  Supply Depot  
  48  4:20  Siege Tank  
  48  4:21  SCV  
  48  4:22  SCV  
  53  4:25  Raven  
  55  4:33  SCV  
  55  4:34  SCV, Interference Matrix  
  55  4:36  Barracks x2  
  57  4:43  Supply Depot  
  58  4:45  SCV  
  58  4:46  SCV  
  59  4:57  SCV  
  59  4:58  SCV  
  59  5:00  Refinery  
  59  5:01  Engineering Bay  
  59  5:02  Siege Tank, Refinery, Engineering Bay  
  59  5:04  Supply Depot  
  59  5:08  Marine x2  
  59  5:09  SCV  
  59  5:10  SCV  
  59  5:12  Orbital Command  
  63  5:22  SCV x2  
  63  5:26  Marine x2  
  67  5:34  SCV x2, Supply Depot  
  69  5:39  Marine, Widow Mine  
Tags
 
Add a new tag
Caveats
  • Supply blocks, unpowered buildings, or Contaminate may cause inaccurate times.
  • Supply counts are checked every 10 seconds.